Cogmind - Beta 15 @@@ ROGUE MODE // 2025.05.19 @ 14:34:09 Player: Cess183 Result: Destroyed by D-53 Grenadier with Mini Grenade Launcher Performance ------------- Evolutions (0) 0 Regions Visited (2) 400 Robots Destroyed (14) 70 Value Destroyed (311) 311 Prototype IDs (0) 0 Alien Tech Used (0) 0 Bonus (0) 0 TOTAL SCORE: 781 Bonus ------- None Cogmind --------- Core Integrity 0/250 Matter 258/300 Energy 28/100 System Corruption 0% Temperature Cool (0) Movement Walking (260) Ox2 Location -10/Mines Parts ------- > --- POWER (1) -------- (None) > --- PROPULSION (2) --- Aluminum Leg > --- UTILITY (2) ------ Large Storage Unit > --- WEAPON (2) ------- Medium Laser > --- INVENTORY (15) --- Light Ion Engine Aluminum Leg Aluminum Leg Improved Heat Sink Mining Laser Peak State ------------ > --- POWER ------------ Ion Engine > --- PROPULSION ------- Light Treads Light Treads > --- UTILITY ---------- Large Storage Unit Seismic Detector > --- WEAPON ----------- Assault Rifle Assault Rifle > --- INVENTORY -------- Light Ion Engine Aluminum Leg Aluminum Leg Aluminum Leg Improved Heat Sink Medium Laser Grenade Launcher Mining Laser [Rating: 8] Favorites ----------- Power Ion Engine Engine Ion Engine Propulsion Light Treads Treads Light Treads Leg Aluminum Leg Utility Seismic Detector Device Seismic Detector Storage Large Storage Unit Weapon Assault Rifle Energy Gun Medium Laser Ballistic Gun Assault Rifle Launcher Grenade Launcher Build | -11 -10 -10 ------- Run | Yrd Mat Min Slots Evolved . | . . . Power . | . . . Propulsion . | . . . Utility . | . . . Weapon . | . . . Parts Attached 14 | 7 1 6 Power 1 | 1 . . Engine 1 | 1 . . Core . | . . . Reactor . | . . . Propulsion 5 | 2 . 3 Treads 3 | 2 . 1 Leg 2 | . . 2 Wheel . | . . . Hover . | . . . Flight . | . . . Utility 4 | 2 1 1 Device 2 | 1 . 1 Storage 2 | 1 1 . Processor . | . . . Hackware . | . . . Protection . | . . . Artifact . | . . . Weapon 4 | 2 . 2 Energy Gun 1 | . . 1 Energy Cannon . | . . . Ballistic Gun 2 | 2 . . Ballistic Cannon . | . . . Launcher 1 | . . 1 Special Weapon . | . . . Impact Weapon . | . . . Slashing Weapon . | . . . Piercing Weapon . | . . . Special Melee Weapon . | . . . Unidentified Prototypes . | . . . Parts Lost 8 | . . 8 Power 1 | . . 1 Propulsion 3 | . . 3 Utility 1 | . . 1 Weapon 3 | . . 3 Highest Loss Streak 8 | . . 8 To Critical Strikes . | . . . Average Backups 7 | 3 6 8 Power . | . 1 1 Propulsion 2 | 1 2 3 Utility . | . . 1 Weapon 2 | 1 2 2 Tool/Special . | . . . Unused Backups 4 | . . 4 Power 1 | . . 1 Propulsion 1 | . . 1 Utility 1 | . . 1 Weapon 1 | . . 1 Tool/Special . | . . . Average Slot Usage (%) 97 | . 100 96 Engine 13 | . 14 13 Treads 27 | . 28 27 Device 12 | . 14 11 Storage 14 | . 14 14 Ballistic Gun 27 | . 28 27 Peak Build Rating 8 | 7 8 8 Average Rating 7 | 5 7 7 On Entrance 5 | . 7 8 Naked Turns . | . . . Heaviest Build 30 | 15 30 30 Greatest Support 40 | 40 40 40 Greatest Overweight (x) 4 | 4 . . Average Overweight (x) . | . . . Largest Inventory Capacity 15 | 8 15 15 Average Capacity 13 | 7 12 15 Most Carried 9 | 5 8 9 Average Carried 7 | 3 6 8 Final Capacity 15 | 8 15 15 Final Carried 8 | 5 8 5 Class Distribution -------------------- 100% | Mutant Dominant Class ---------------- Mutant | -10/Materials Mutant | -10/Mines Resources | -11 -10 -10 ----------- Run | Yrd Mat Min Matter Collected 476 | 324 28 124 Remotely . | . . . Salvage Created 502 | 94 50 358 Parts 37 | 15 2 20 Haulers Intercepted . | . . . Recyclers Shooed 1 | . . 1 Parts Field Recycled . | . . . Retrieved Matter . | . . . Parts Self-Destructed . | . . . Prevented . | . . . Kills | -11 -10 -10 ------- Run | Yrd Mat Min Combat Hostiles Destroyed 6 | . 1 5 Guns 6 | . 1 5 Classes Destroyed 5 | 2 1 2 Worker 1 | 1 . . Tunneler 6 | 3 . 3 Recycler 1 | . . 1 Grunt 5 | . 1 4 Demolisher 1 | . . 1 Best Kill Streak 5 | 2 1 5 Combat Bots Only 2 | . 1 2 Max Kills in Single Turn 2 | 1 1 2 Gunslinging . | . . . Exploded . | . . . Melee . | . . . Uniques/NPCs Destroyed . | . . . Combat | -11 -10 -10 -------- Run | Yrd Mat Min Hostile Shots Fired 65 | . 4 61 Missed 11 | . 1 10 Hits 54 | . 3 51 Melee 1 | . . 1 Projectile 53 | . 3 50 AOE 24 | . . 24 Damage Taken 1424 | . 40 1384 Core 273 | . . 273 Absorbed by Shields . | . . . Core Remaining (%) 100 | 100 . . Volleys Fired 39 | 9 3 27 Largest 2 | 2 2 2 Hottest 80 | 40 40 80 Shots Fired 74 | 18 6 50 Gun 72 | 18 6 48 Cannon . | . . . Launcher 2 | . . 2 Special . | . . . Kinetic 66 | 18 6 42 Thermal 6 | . . 6 Explosive 2 | . . 2 Electromagnetic . | . . . Robot Hit Streak 6 | 6 4 5 Robot Miss Streak 2 | 2 1 2 Penetration Max . | . . . Secondary Targets 1 | . . 1 Max Gunslinging Chain 1 | . . 1 Shots Hit Robots 48 | 12 4 32 Core Hits 27 | 4 3 20 Critical Kills . | . . . Critical Parts Destroyed . | . . . Critical Strikes . | . . . Melee Attacks . | . . . Impact . | . . . Slashing . | . . . Piercing . | . . . Sneak Attacks . | . . . Combat Hostiles . | . . . Follow-up Attacks . | . . . Damage Inflicted 638 | 147 45 446 Guns 571 | 147 45 379 Cannons . | . . . Explosions 67 | . . 67 Melee . | . . . Ramming . | . . . Kinetic 511 | 147 45 319 Thermal 60 | . . 60 Explosive 67 | . . 67 Electromagnetic . | . . . Impact . | . . . Slashing . | . . . Piercing . | . . . Highest Corruption . | . . . Average Corruption . | . . . Corruption Purged . | . . . Corruption Blocked . | . . . Overload Shots . | . . . Overflow Damage . | . . . Projectiles . | . . . Explosions . | . . . Melee . | . . . Knockbacks . | . . . Impact . | . . . Kinetic . | . . . Secondary . | . . . Self-Inflicted Damage . | . . . Shots . | . . . Rammed . | . . . Targets Rammed . | . . . Kicked . | . . . Crushed . | . . . Highest Temperature 8 | . 2 8 Average Temperature 2 | . 2 2 Received Heat Transfer 189 | . 27 162 Siege Activations . | . . . Martial Activations . | . . . Shielding Activations . | . . . Robots Disrupted . | . . . Combat Hostiles . | . . . Robots Corrupted . | . . . Combat Hostiles . | . . . Parts Fried . | . . . Impact Corruptions . | . . . Robots Melted . | . . . Combat Hostiles . | . . . Parts Melted . | . . . Heat Transferred 185 | . . 185 Parts Sabotaged . | . . . Parts Stolen . | . . . Parts Stripped . | . . . Power Chain Reactions . | . . . Alert | -11 -10 -10 ------- Run | Yrd Mat Min Maximum Alert Level . | . . . Low Security (%) 100 | 100 100 100 Level 1 . | . . . Level 2 . | . . . Level 3 . | . . . Level 4 . | . . . Level 5 . | . . . High Security . | . . . Max Security . | . . . Peak Influence 60 | 10 30 60 Initial . | . . . Average 8 | 1 4 12 Influence Increases 241 | 20 45 176 Destroy 0b10 Robot/C 120 | . 20 100 Destroy 0b10 Robot/NC 40 | 20 . 20 Destroy Leader 40 | . 10 30 Destroy Structure 11 | . . 11 Lose Combat Pursuer 30 | . 15 15 Influence Decreases 211 | 20 45 146 Time Decay 185 | 20 45 120 Lost Part 26 | . . 26 Squads Dispatched . | . . . Investigation . | . . . Extermination . | . . . Reinforcement . | . . . Assault . | . . . Garrison . | . . . Intercept . | . . . Searches Triggered . | . . . Construction Impeded . | . . . Haulers Reinforced . | . . . Active Scanning Responses . | . . . Cargo Convoy Interrupts . | . . . Stealth | -11 -10 -10 --------- Run | Yrd Mat Min Distress Signals . | . . . Communications Jammed . | . . . Distress Signals . | . . . Times Spotted 12 | . 3 9 Peak Tracking Total 4 | . 2 4 Tactical Retreats 2 | . 1 1 Traps | -11 -10 -10 ------- Run | Yrd Mat Min Traps Triggered . | . . . Indirectly . | . . . Trap Hack Attempts . | . . . Triggered . | . . . Disarmed . | . . . Reprogrammed . | . . . Reused . | . . . Traps Extracted . | . . . Installed . | . . . Triggered . | . . . Machines | -11 -10 -10 ---------- Run | Yrd Mat Min Machines Disabled . | . . . Max in Single Turn . | . . . Machines Repaired . | . . . Machines Dismantled . | . . . Machines Sabotaged . | . . . Overloaded Fab Kills . | . . . Hacking | -11 -10 -10 --------- Run | Yrd Mat Min Machines Accessed . | . . . Terminals . | . . . Fabricators . | . . . Repair Stations . | . . . Recycling Units . | . . . Scanalyzers . | . . . Garrison Access . | . . . Total Hacks . | . . . Successful . | . . . Failed . | . . . Catastrophic . | . . . Database Lockouts . | . . . Manual . | . . . Terminals . | . . . Fabricators . | . . . Repair Stations . | . . . Recycling Units . | . . . Scanalyzers . | . . . Garrison Access . | . . . Terminal Hacks . | . . . Fabricator Hacks . | . . . Repair Station Hacks . | . . . Recycling Unit Hacks . | . . . Scanalyzer . | . . . Garrison Access Hacks . | . . . Unauthorized Hacks . | . . . Terminals . | . . . Fabricators . | . . . Repair Stations . | . . . Recycling Units . | . . . Scanalyzers . | . . . Garrison Access . | . . . Data Cores Recovered . | . . . Used . | . . . Hacking Detections . | . . . Full Trace Events . | . . . Feedback Events . | . . . Feedback Blocked . | . . . Robot Schematics Acquired . | . . . Robots Built . | . . . Authchips . | . . . Time . | . . . Total Robot Build Rating . | . . . Part Schematics Acquired . | . . . Parts Built . | . . . Authchips . | . . . Time . | . . . Total Part Build Rating . | . . . Parts Repaired . | . . . Time . | . . . Parts Recycled . | . . . Recycled Matter . | . . . Retrieved Matter . | . . . Retrieved Components . | . . . Parts Scanalyzed . | . . . Part Schematics Acquired . | . . . Parts Damaged . | . . . Bothacking | -11 -10 -10 ------------ Run | Yrd Mat Min Used RIF Installer . | . . . Robots Hacked . | . . . Non-combat . | . . . Combat . | . . . Robot Hacks Applied . | . . . Relay Couplers Released . | . . . Fabnet Peak Effective % . | . . . Robots Rewired . | . . . Allies Hacked . | . . . Hacks Repelled . | . . . Allies | -11 -10 -10 -------- Run | Yrd Mat Min Total Allies . | . . . Largest Group . | . . . Highest-Rated Group . | . . . Highest-Rated Ally . | . . . Total Orders . | . . . Ally Attacks . | . . . Total Damage . | . . . Kills . | . . . Allies Corrupted . | . . . Allies Melted . | . . . Intel | -11 -10 -10 ------- Run | Yrd Mat Min Active Infowar (turns) 823 | 22 316 485 Seismic 823 | 22 316 485 Robot Analysis Total . | . . . Derelict Logs Recovered . | . . . Drone Launches . | . . . Drone Recoveries . | . . . Exploration | -11 -10 -10 ------------- Run | Yrd Mat Min Turns Passed 1068 | 176 316 576 Spaces Moved 517 | 85 185 247 Core 9 | 9 . . Treads 508 | 76 185 247 Legs . | . . . Wheels . | . . . Hover . | . . . Flight . | . . . Fastest Speed 50 | 50 160 160 Average Speed 159 | 158 160 160 Slowest Speed 250 | 250 160 160 Overloaded Moves . | . . . Propulsion Burnouts . | . . . Robots Hopped . | . . . Potential Cave-ins . | . . . Cave-ins Triggered . | . . . Exploration Rate (%) 27 | 6 23 53 Regions Visited 2 Branch Regions 1 Pre-discovered Areas . | . . . Known Exits Taken . | . . . Unknown Exits Taken 2 | 1 1 . Scrap Searched 1 | . . 1 Spaces Dug . | . . . Terrain Destroyed 11 | . . 11 Melee . | . . . Projectile . | . . . AOE 11 | . . 11 Terrain Rammed . | . . . Walls Destroyed . | . . . Machines Disabled . | . . . Actions | -11 -10 -10 --------- Run | Yrd Mat Min Total 683 | 105 199 379 Wait 103 | . 7 96 Move 515 | 84 184 247 Hop . | . . . Pick Up 9 | 5 3 1 Fast Attach 8 | 7 . 1 Attach 4 | . . 4 Detach 1 | . . 1 Swap 2 | . 1 1 Drop 2 | . 1 1 Fire 39 | 9 3 27 Melee . | . . . Ram . | . . . Kick . | . . . Crush . | . . . Escape Stasis . | . . . Rewire . | . . . Trap . | . . . Miscellaneous . | . . . Route ------- -11/Scrapyard -10/Materials -10/Mines History --------- Turn | Location | Event 46 | -11/Scrapyard | Discovered new exit (range 14) 177 | -11/Scrapyard | Entered Materials 301 | -10/Materials | Build established: Mutant 424 | -10/Materials | Discovered new exit (range 10) 493 | -10/Materials | Entered Mines 1000 | -10/Mines | Assembled infested the area 1057 | -10/Mines | Core integrity fell below 50% 1066 | -10/Mines | Core integrity fell below 20% 1069 | -10/Mines | Destroyed by D-53 Grenadier with Mini Grenade Launcher Last Messages --------------- 01055_ U-05 Engineer builds a Wall. 01056_ The unstable cave ceiling collapses. 01056_ Lgt. Treads destroyed. 01056_ as-77106 destroyed. 01059_ Seismic Detector destroyed. 01059_ Grenade Launcher destroyed. 01060_ The unstable cave ceiling collapses. 01060_ U-05 Engineer lays Concrete. 01061_ U-05 Engineer builds a Wall. 01063_ The unstable cave ceiling collapses. 01063_ U-05 Engineer lays Concrete. 01063_ Lgt. Treads destroyed. 01064_ U-05 Engineer lays Concrete. 01065_ The unstable cave ceiling collapses. 01066_ U-05 Engineer lays Concrete. 01067_ The unstable cave ceiling collapses. 01067_ U-05 Engineer lays Concrete. 01067_ D-53 Grenadier destroyed. 01068_ U-05 Engineer builds a Wall. 01068_ U-05 Engineer lays Concrete. Map ----- +----------------------------------------------------+ | ??????? ???# ##????????????????????????? | | ???????? "???# ##???????????????????????? | | ????????? %???# #???????????????????????? | | ??????????# "???# #???????????????????????? | | ???????????# #### ##???????????????????????? | | ????????????# ## ##????????????????????????? | | ????????????# ##?????????????????????????? | | ????????????## ##?????????????????????????? | | ????????????## #?????????????????????????? | | ???????????### #?????????????????????????? | | ???????????# #?????????????????????????? | | ???????????## ##?????????????????????????? | | ???????????# ##??????????????????????????? | | ???????????## ##???????????????????????????? | | ????????????# ###?####???????????????????????? | | ????????????# ###??## ##??????????????????????? | | ????????????# ###### #??????????????????????? | | ????????????# u #?????????#????????????? | | ????????????## u ##??????? ##???????????? | | ?????????????# ##???? !#???????????? | | ?????????????# %= ###? #???????????? | | ?????????????## d # r =#????????????? | | ??????????????# aat a#????????????? | | ????????????????# #????????????? | | ?????????????????## #????????????? | | ??????????????????## @ #?????????????? | | ???????????????????## #####?????????????? | | ????????????????????# ##?????????????????? | | ????????????????????## ##??????????????????? | | ?????????????????????## ##???????????????????? | | ??????????????????????#######????????????????????? | | | | | | | | | | | | | | | | | | | | | | | | | | | | | | | | | | | | | | | +----------------------------------------------------+ Best States ------------- Heat Dissipation 25 Energy Generation 10 Energy Capacity 250 Matter Stores 300 Matter Capacity 300 Sight Range 16 Terrain Scan Density 10 Evasion (%) 40 Recoil Reduction 2 Item Schematics ----------------- None Robot Schematics ------------------ None Fabricated ------------ Nothing Repaired ---------- Nothing Alien Tech Used ----------------- None Achievements -------------- None Challenges ------------ None Game ------ Seed DisintegrationPotentialUnit Manual? 0 Play Time 00:09:51 Cumulative 25.4 hours Start 2025.05.19 @ 14:26:43 End 2025.05.19 @ 14:34:09 Sessions 5 Manual Loads 0 Difficulty Rogue Special Mode None Game No. 36 Rogue 36 Adventurer 0 Explorer 0 Win Type - Total 0 Types 0/0/0/0/0/0/0/0/0/0 Lore% 28 Gallery% 20 Achievement% 21 Wizard Run 0 Options --------- Layout 0 ASCII 0 Keyboard 1 Movement Vi Keybinds 0 Fullscreen 1 Font 18/SmallcapsGlow Map View 76x50 Zoom Use 0% Tactical HUD 1 Map Filters NONE Filters NONE Steam 1 RUN: a52b9e7f-72b1-45ca-b666-48822ae9f910